 Dungeon Crawl Stone Soup version 0.27.1 (webtiles) character file.

Game seed: 6794910862095195402

235 Atelerd the Digger (level 6, 0/36 HPs)
             Began as an Octopode Earth Elementalist on Sept 3, 2021.
             Slain by a hobgoblin (5 damage)
             ... on level 4 of the Dungeon.
             The game lasted 00:05:50 (3542 turns).

Atelerd the Digger (Octopode Earth Elementalist)    Turns: 3542, Time: 00:05:51

Health: 0/36       AC:  1    Str:  7    XL:     6   Next: 5%
Magic:  20/20      EV: 13    Int: 20    God:
Gold:   133        SH:  0    Dex: 12    Spells: 7/12 levels left

rFire    . . .     SeeInvis .   f - +0 short sword
rCold    . . .     Faith    .   (no shield)
rNeg     . . .     Spirit   .   (helmet restricted)
rPois    .         Reflect  .   (no amulet)
rElec    .         Harm     .   k - ring of magical power
rCorr    .         Rampage  .   (no ring)
Will     .....                  (no ring)
Stlth    +++.......             (no ring)
HPRegen  0.12/turn              (no ring)
MPRegen  0.17/turn              (no ring)
                                (no ring)
                                (no ring)

@: mighty
A: almost no armour, amphibious, 8 rings, camouflage 1, gelatinous body 1,
(nimble swimmer 1), tentacles
a: no special abilities


You were on level 4 of the Dungeon.
You visited 1 branch of the dungeon, and saw 4 of its levels.

You collected 133 gold pieces.

Inventory:

Hand Weapons
 f - a +0 short sword (weapon)
Jewellery
 k - a ring of magical power (left tentacle)
Scrolls
 d - a scroll of teleportation {unknown}
 e - a scroll of brand weapon
 h - a scroll of noise {unknown}
 i - a scroll of vulnerability
 j - a scroll of fear
 m - a scroll of immolation
 o - 2 scrolls of enchant weapon {unknown}
 p - a scroll of torment {unknown}
Potions
 a - a potion of might
 c - a potion of mutation {unknown}
 g - a potion of invisibility {unknown}
 n - a potion of haste {unknown}
 q - a potion of heal wounds {unknown}


   Skills:
 - Level 2.0 Dodging
 - Level 2.6 Stealth
 + Level 3.5 Spellcasting
 + Level 3.4 Transmutations
 + Level 4.4 Earth Magic


You had 7 spell levels left.
You knew the following spells:

 Your Spells              Type           Power      Damage    Failure   Level
a - Sandblast             Erth           42%        2d11      2%          1
p - Petrify               Tmut/Erth      19%        N/A       26%         4

Your spell library contained the following spells:

 Spells                   Type           Power      Damage    Failure   Level
 Passwall                 Tmut/Erth      15%        N/A       4%          2
 Sting                    Tmut/Pois      40%        1d5       7%          1
 Pain                     Necr           12%        1d4       14%         1
 Stone Arrow              Conj/Erth      24%        3d8       16%         3
 Poisonous Vapours        Pois/Air       6%         N/A       21%         2
 Olgreb's Toxic Radiance  Pois           3%         N/A       80%         4
 Agony                    Necr           3%         N/A       98%         5
 Excruciating Wounds      Necr           1%         N/A       98%         5


Dungeon Overview and Level Annotations

Branches:
Dungeon (4/15)
 Temple: D:4-7

Altars:


Innate Abilities, Weirdness & Mutations

You cannot wear most types of armour.
You are amphibious.
You can wear up to eight rings at the same time.
Your skin changes colour to match your surroundings (Stealth+).
Your rubbery body absorbs attacks. (AC +1, EV +1)
((You are camouflaged near water. (Stealth+)))
You have tentacles for arms and can constrict up to eight enemies at once.


Message History

The hobgoblin hits you. The hobgoblin misses you.
You closely miss the hobgoblin. Your grab misses the hobgoblin.
The hobgoblin hits you.
You hit the hobgoblin. Your grab misses the hobgoblin.
The hobgoblin is lightly wounded.
The hobgoblin hits you.
You barely miss the hobgoblin. Your grab misses the hobgoblin.
The hobgoblin is lightly wounded.
The hobgoblin completely misses you.
You hit the hobgoblin. Your grab misses the hobgoblin.
The hobgoblin is severely wounded.
The hobgoblin hits you. The dart slug launches a dart at you.
The slug dart hits you.
You are too injured to fight recklessly!
The dart slug bites you but does no damage.
You hit the dart slug but do no damage. You grab the dart slug.
You constrict the dart slug. The hobgoblin hits you.
The dart slug bites you but does no damage.
You hit the dart slug but do no damage.
The dart slug is lightly wounded.
You hear the quick rusting of a drain very nearby.
You constrict the dart slug. The hobgoblin hits you.
* * * LOW HITPOINT WARNING * * *
The dart slug bites you.
* * * LOW HITPOINT WARNING * * *
You hit the dart slug.
The dart slug is heavily wounded.
You constrict the dart slug. The hobgoblin hits you.
* * * LOW HITPOINT WARNING * * *
Unknown command.
Okay, then.
It was a potion of might.
You feel very mighty all of a sudden.
You constrict the dart slug. The hobgoblin closely misses you.
The dart slug completely misses you.
You puncture the dart slug!
You kill the dart slug!
The hobgoblin closely misses you. The hobgoblin hits you.
You die...

#. #..# #. ##.# #.##
#.# ######... #.#
.^...#..# #.#
.?......# #.# #.#.#
#.# #.g########.#
##@.........#
#.†##########
#.#.##### #.##.#...#
#.##.#.>.#
#........####
#...........#
#............#
#............#########


You could see a hobgoblin.

Vanquished Creatures
  A centaur skeleton (D:4)
  An iguana (D:4)
  Ijyb (D:4)
  3 gnolls (D:4)
  5 adders
  2 worms
  3 dart slugs
  8 ball pythons
  9 endoplasms
  3 giant cockroaches
  6 hobgoblins
  5 kobolds
  2 quokkas (D:2)
  7 bats
  3 frilled lizards
  9 goblins
  7 rats
75 creatures vanquished.

Notes
Turn   | Place    | Note
-------+----------+-------------------------------------------
     0 | D:1      | Atelerd the Octopode Earth Elementalist began the quest for
                  | the Orb.
     0 | D:1      | Reached XP level 1. HP: 11/11 MP: 3/3
   302 | D:1      | Reached XP level 2. HP: 17/17 MP: 5/5
   731 | D:1      | Reached XP level 3. HP: 21/21 MP: 6/6
  1034 | D:1      | Found a faded altar of an unknown god.
  1503 | D:2      | Reached XP level 4. HP: 26/27 MP: 5/8
  3036 | D:3      | Learned a level 4 spell: Petrify
  3091 | D:4      | Reached skill level 4 in Earth Magic
  3091 | D:4      | Reached XP level 5. HP: 31/31 MP: 9/9
  3343 | D:4      | Noticed Ijyb
  3374 | D:4      | Killed Ijyb
  3381 | D:4      | Reached XP level 6. HP: 15/36 MP: 1/11
  3542 | D:4      | Slain by a hobgoblin

Illustrated notes

Levels and vault maps discovered:
D:1:      scummos_arrival_hexagon, layout_rooms,
          shapermc_ecumenical_altar_ellora, minmay_tripent
D:2:      layout_rooms, serial_park_tiny_pond, kennysheep_flooded_box
D:3:      layout_basic
D:4:      layout_loops_ring, nicolae_hepliaklqana_monster_ancestors,
          portal_sewer_entry_f, uniq_ijyb, uniq_eustachio

Skill      XL: |  1  2  3  4  5 |
---------------+----------------+-----
Transmutations | 2 3 |  3.4
Spellcasting   | 3 |  3.5
Earth Magic    | 4 |  4.4
Dodging        | |  2.0
Stealth        | |  2.6

Action                   |  1- 3 |  4- 6 || total
-------------------------+-------+-------++-------
Melee: Unarmed           |    31 |       ||    31
       Constrict         |    12 |     9 ||    21
       Tentacles         |     5 |     5 ||    10
       Short sword       |    31 |    44 ||    75
 Cast: Sandblast         |    21 |    44 ||    65
  Use: Scroll            |       |     4 ||     4
       Potion            |       |     3 ||     3
 Stab: Sleeping          |    13 |    10 ||    23
Armor: Skin              |     9 |    14 ||    23
Dodge: Dodged            |    49 |    43 ||    92
